← All builds
Air / Cortex / Economy first / OBSERVED BUILD

Standard air

Cortex Air build order · Supreme Isthmus

Economy-first air build: Aircraft Plant then Advanced Metal Extractor and Fusion Reactor, making transports and scouts for allies while transitioning into fighters and occasional bombers over the whole game.

Usually transports first (78%)

#eco #air #team support · 1506 distinct matches · 252 players · 81% of Cortex Air games · team won 46% of 1811 · Recently observed

HOW TO PLAY IT

Key timing: Aircraft Plant by 1:24

  1. Open 3 mex and wind, then drop Aircraft Plant early.
  2. Finish Aircraft Plant and start fighters for scouting and defense.
  3. Eat the Aircraft Plant once production needs outgrow it.
  4. Get Advanced Metal Extractor up to scale eco.
  5. Bring Fusion Reactor online and keep feeding transports, scouts, fighters to allies.

Phase by phase

TYPICAL OF ITS 1506 GAMES
  1. 1
  2. 2
  3. 3
PLAY THE OPENING

Follow the example game's first 6:00 step by step: what to build now, what comes next, and where it goes. At 1× it keeps pace with your own game.

  1. 1

    Up to the Aircraft Plant

    Economy
    • Metal Extractor3Mex
    • Wind Turbine4Wind
    Order
    1. Aircraft PlantAircraft Plant after 3 mex, 4 winddone ~1:26, middle half 1:14–1:35

    Some games also: energy storage (38%)

    By 1:07 in all: 3 mex · 4 wind

    The example game in this phase · 3 steps
    1. Mex ×3
    2. Wind ×6
    3. Aircraft PlantAircraft Plantdone 1:27 · typical 1:26
  2. 2

    Aircraft Plant to 5:00

    Economy
    • Metal Extractor1Mex
    • Wind Turbine9Wind
    • Wind Turbine3Wind
    Builders
    • Construction Turret2 Con turret
    • Construction Aircraft1 Con aircraft
    Army
    • Valiant5 Valiant
    • Hercules2 Light transport for allies
    • Finch2 Finch for allies
    • Finch1 Finch
    • Hephaestus1 Heavy transport for allies

    Some games also: shuriken (49%) · energy storage (45%) · converter (44%) · light transport (40%)

    By 5:00 in all: 3 mex · 1 mex · 13 wind · 3 wind · 1 energy storage · 2 con turret

    The example game in this phase · 28 steps
    1. FinchFinch
    2. ValiantValiant
    3. Wind ×2
    4. FinchFinch ×2for Geo sea
    5. HerculesLight transportfor Tech
    6. ValiantValiant
    7. Wind ×2
    8. Solar
    9. ValiantValiant
    10. ValiantValiantfor Tech
    11. Wind ×2
    12. Mex
    13. Construction AircraftCon aircraft
    14. Con turret
    15. HerculesLight transportfor Tech
    16. HerculesLight transport
    17. Converter
    18. Wind
    19. ValiantValiant
    20. Wind
    21. ValiantValiant ×3
    22. Wind
    23. Wind ×2
    24. Wind
    25. Wind ×2
    26. Construction AircraftCon aircraftfor Geo sea
    27. Wind
    28. Wind ×2
  3. 3

    5:00 to 10:00

    Economy
    • Wind Turbine21Wind
    • Wind Turbine5Wind
    • Energy Converter6Converter
    Order
    1. Aircraft PlantEat Aircraft Plant
    2. Aircraft PlantAircraft Plant after 19 wind, 18 wind, 7 converterin 58% of games
    Builders
    • Construction Turret3 Con turret
    Army
    • Valiant9 Valiant

    Some games also: shuriken (47%) · fusion (38%) · con aircraft (35%) · light transport (31%)

    By 10:00 in all: 3 mex · 1 mex · 25 wind · 20 wind · 8 converter · 1 energy storage

    The example game in this phase · 249 steps
    1. Wind ×2
    2. Wind
    3. Wind ×2
    4. Converter
    5. ShurikenShuriken
    6. Wind
    7. Wind
    8. Converter ×2
    9. Energy storage
    10. Con turret
    11. Wind
    12. Converter
    13. Aircraft PlantEat Aircraft Plantreclaimed for its metal
    14. Advanced Metal ExtractorT2 mexdone 6:23 · typical 6:54
    15. Energy storage
    16. Wind
    17. Converter
    18. Wind
    19. Con turret
    20. Advanced Metal ExtractorT2 mex
    21. Wind
    22. Wind
    23. Advanced Metal ExtractorT2 mex
    24. Wind ×2
    25. Advanced Metal ExtractorT2 mex
    26. Wind
    27. Wind ×2
    28. Wind
    29. Wind
    30. ThistleThistle
    31. Wind
    32. Radar TowerRadar Tower
    33. Con turret
    34. Wind ×5
    35. Aircraft PlantAircraft Plantdone 8:23
    36. Con turret
    37. Wind
    38. FinchFinch
    39. Wind
    40. ValiantValiant
    41. Wind
    42. ValiantValiant
    43. Wind
    44. Wind
    45. ValiantValiant
    46. Wind
    47. ValiantValiant ×2
    48. Wind
    49. HerculesLight transport
    50. HerculesLight transportfor Geo sea
    51. Wind
    52. ValiantValiantfor Tech
    53. Wind
    54. ValiantValiant
    55. Wind
    56. FinchFinch
    57. Wind
    58. FinchFinch
    59. Wind
    60. Construction AircraftCon aircraft
    61. Wind
    62. Construction AircraftCon aircraft
    63. Con turret
    64. Wind
    65. ValiantValiant
    66. Con turret
    67. Wind
    68. ValiantValiant
    69. Con turret
    70. ShurikenShuriken
    71. Wind
    72. ShurikenShuriken
    73. Wind
    74. WhirlwindWhirlwind
    75. Wind
    76. Wind
    77. ShurikenShuriken ×2
    78. Wind
    79. Wind
    80. Wind
    81. ShurikenShuriken
    82. Wind
    83. ValiantValiantfor Tech
    84. Wind ×2
    85. Wind
    86. Con turret
    87. ValiantValiantfor Tech
    88. Wind ×2
    89. ValiantValiantfor Tech
    90. Wind
    91. ValiantValiant
    92. Wind ×2
    93. ValiantValiant
    94. Wind
    95. Wind
    96. ValiantValiantfor Tech
    97. Wind
    98. ValiantValiantfor Tech
    99. Wind
    100. Wind
    101. ValiantValiantfor Tech
    102. Wind ×3
    103. Wind
    104. ValiantValiantfor Tech
    105. Wind ×2
    106. ValiantValiantfor Tech
    107. Wind ×2
    108. FinchFinchfor Tech
    109. Wind
    110. Construction AircraftCon aircraft
    111. Wind ×2
    112. ValiantValiantfor Tech
    113. Wind ×2
    114. FinchFinchfor Tech
    115. Wind ×3
    116. ValiantValiantfor Tech
    117. Wind
    118. ValiantValiantfor Tech
    119. Wind ×2
    120. Con turret
    121. ValiantValiantfor Tech
    122. Wind ×2
    123. ValiantValiantfor Tech
    124. Wind
    125. ValiantValiantfor Tech
    126. Wind ×2
    127. ValiantValiantfor Tech
    128. Con turret
    129. Wind
    130. ValiantValiantfor Tech
    131. Wind
    132. Construction AircraftCon aircraft
    133. Wind
    134. Construction AircraftCon aircraft
    135. Wind
    136. ValiantValiantfor Tech
    137. Wind
    138. Converter
    139. Wind
    140. ValiantValiantfor Tech
    141. Wind ×4
    142. ValiantValiantfor Tech
    143. Wind ×2
    144. Con turret
    145. Wind
    146. ValiantValiantfor Tech
    147. Wind ×2
    148. ValiantValiantfor Tech
    149. Wind
    150. ValiantValiantfor Tech
    151. Wind ×3
    152. ShurikenShuriken
    153. Wind
    154. ShurikenShuriken
    155. Wind
    156. Converter
    157. Wind
    158. ShurikenShuriken
    159. T2 converter
    160. ShurikenShuriken
    161. Wind ×2
    162. Converter
    163. Wind
    164. Converter
    165. ShurikenShuriken
    166. Wind ×2
    167. ShurikenShuriken
    168. Wind
    169. ShurikenShuriken
    170. Wind ×2
    171. Converter
    172. Wind
    173. ShurikenShuriken
    174. Wind ×2
    175. ShurikenShuriken
    176. Wind
    177. Converter
    178. ShurikenShuriken
    179. Wind ×2
    180. ShurikenShuriken
    181. Wind ×3
    182. ShurikenShuriken
    183. Converter
    184. Wind ×2
    185. Aircraft PlantEat Aircraft Plantreclaimed for its metal
    186. Wind
    187. T2 converter
    188. Wind ×2
    189. Converter
    190. Wind ×11
    191. Converter
    192. Wind ×4
    193. Converter
    194. Wind ×2
    195. Con turret
    196. Wind ×3
    197. Con turret
    198. Converter
    199. Wind
    200. Fusion ReactorFusiondone 14:08 · typical 10:53
    201. Wind ×2
    202. Con turret
    203. Wind ×3
    204. Converter
    205. Con turret
    206. Wind ×4
    207. Converter
    208. Wind
    209. Converter
    210. Wind ×3
    211. T2 converter
    212. Wind ×3
    213. Converter
    214. Wind ×3
    215. T2 converter
    216. Wind ×4
    217. Aircraft PlantAircraft Plantdone 14:32
    218. Wind
    219. Aircraft PlantAircraft Plantdone 14:30
    220. Wind ×3
    221. Converter
    222. Wind ×2
    223. FinchFinch
    224. Wind
    225. Converter
    226. FinchFinch
    227. ValiantValiant
    228. Wind
    229. ValiantValiant
    230. Wind
    231. ValiantValiant
    232. Wind
    233. ValiantValiant ×2
    234. Converter
    235. Wind
    236. FinchFinch ×2
    237. Wind
    238. FinchFinch
    239. ShurikenShuriken
    240. Wind
    241. ShurikenShuriken ×4
    242. Wind
    243. FinchFinch
    244. Converter
    245. ShurikenShuriken
    246. Wind
    247. ShurikenShuriken ×2
    248. Wind
    249. ShurikenShuriken

Counts are medians over the build's games: half of them build more, half fewer. The example game is TheGeneraI's (33 OS, 14/10/2026); pick another.

Team trades

IN AT LEAST 30% OF ITS GAMES

You hand over

  • Finch2 Finch to Geo sea or Beach seafirst at 1:50 · in 96% of games
  • Hercules3 Light transport to Tech or Geo sea or Beach seafirst at 2:06 · in 99% of games
  • Hephaestus1 Heavy transport to Beach sea or Pond or Techfirst at 2:23 · in 72% of games

You get

  • Wind Turbine3 Wind from Beach sea or Geo seafirst at 1:37 · in 64% of games
  • Wind Turbine3 Wind from Beach sea or Geo sea or Pondfirst at 1:42 · in 46% of games
  • Construction Bot1 Con bot from Techfirst at 2:23 · in 88% of games
  • Advanced Construction Bot1 T2 con bot from Techfirst at 6:05 · in 96% of games

How it plays out

Typical game of this build, running totals by minute

Metal produced

010k20k30k
0:005:0010:0015:00

metal

Enemy metal destroyed

01k2k
0:005:0010:0015:00

metal

Own metal lost

01k2k3k
0:005:0010:0015:00

metal

1811 games.

Show as table
ByMetal produced: This buildEnemy metal destroyed: This buildOwn metal lost: This build
1:0039200
2:0092300
3:00145600
4:002052051
5:0027635173
6:003707102124
7:005089146167
8:006902190219
9:009284230270
10:0011758292380
11:0014356369536
12:0017069512781
13:00198597811102
14:002270412641689
15:002573618132420
WHAT THE NUMBERS SAY

Standard air play wins less than half its games, with very low combat losses and kills since the role mostly supports rather than fights.

  • + Own metal lost stays very low, only 2701 by 15:00.
  • + Metal production reaches 25740 by 15:00, a strong support economy.
  • − Team wins under half of games (47%).
  • − Enemy metal destroyed stays low at 2097 by 15:00, showing little direct impact.
THE EXAMPLE YOU ARE READING

TheGeneraI

33.5 OS · 14/10/2026

Open source match ↗

29 received units · includes a constructor
116 metal received · 41816 energy received

Allied construction assistance is unknown. Timings are observations, not a promise of solo reproducibility.

Typical milestones

Aircraft Plant1:26Middle 50%: 1:14–1:35 · n=1811
Advanced Metal Extractor6:54Middle 50%: 6:27–7:26 · n=1751
Fusion Reactor10:53Middle 50%: 9:45–12:17 · n=1159

Played most by

TheGeneraI114games of this buildDad_The_Speedrunner72games of this buildHunfore62games of this buildDRM52games of this buildMilkdragon52games of this build